TOP OF THE 1ST |
Cincinnati Reds batting - Pitching for Milwaukee Brewers : RHP Mekonen Mahfudh
|
Pitching: RHP Mekonen Mahfudh
|
|
Batting: RHB Tony Casas
|
0-0: Bunted foul 0-1: Fly out, F9 (Flyball, 9S, EV 73.8 MPH)
|
Batting: RHB Willie Lazcano
|
0-0: Swinging Strike 0-1: Swinging Strike 0-2: Strikes out swinging
|
Batting: SHB Jun Tsuda
|
0-0: Ball 1-0: Ball 2-0: Ball 3-0: Called Strike 3-1: Foul Ball, location: 2F 3-2: DOUBLE (Groundball, 3L, EV 104.4 MPH)
|
Batting: LHB Chris Grunwald
|
0-0: Ball 1-0: Called Strike 1-1: Foul Ball, location: 2F 1-2: Foul Ball, location: 2F 1-2: Strikes out swinging
|
Top of the 1st over - 0 runs, 1 hit, 0 errors, 1 left on base; Cincinnati 0 - Milwaukee 0 |
BOTTOM OF THE 1ST |
Milwaukee Brewers batting - Pitching for Cincinnati Reds : LHP Dave Rivera
|
Pitching: LHP Dave Rivera
|
|
Batting: RHB Daniel Donovan
|
0-0: Ball 1-0: Foul Ball, location: 2F 1-1: Foul Ball, location: 2F 1-2: Ball 2-2: Foul Ball, location: 2F 2-2: Strikes out swinging
|
Batting: RHB Akitada Nishizawa
|
0-0: SINGLE (Groundball, 56D, EV 106.9 MPH)
|
Batting: SHB Junzo Kato
|
0-0: Called Strike 0-1: Foul Ball, location: 2F 0-2: Ball 1-2: Fly out, F9 (Flyball, 89S, EV 91.9 MPH)
|
Batting: RHB Joel Haycock
|
0-0: Ball Wild Pitch! Akitada Nishizawa to second 1-0: Foul Ball, location: 2F 1-1: Called Strike 1-2: Ball 2-2: Ball 3-2: Foul Ball, location: 2F 3-2: Foul Ball, location: 2F 3-2: Base on Balls
|
Batting: RHB Kisho Ito
|
0-0: Ball 1-0: Called Strike 1-1: Ball 2-1: Foul Ball, location: 2F 2-2: Foul Ball, location: 2F 2-2: Ball 3-2: Fly out, F8 (Flyball, 8RD, EV 95.0 MPH)
|
Bottom of the 1st over - 0 runs, 1 hit, 0 errors, 2 left on base; Cincinnati 0 - Milwaukee 0 |
TOP OF THE 2ND |
Cincinnati Reds batting - Pitching for Milwaukee Brewers : RHP Mekonen Mahfudh
|
Batting: LHB Ricky Ayon
|
0-0: Ball 1-0: Ball 2-0: Ball 3-0: Called Strike 3-1: Base on Balls
|
Batting: SHB Dave Barefoot
|
0-0: Called Strike Ricky Ayon steals 2nd base (no throw) 0-1: Called Strike 0-2: Ball 1-2: Ball 2-2: Strikes out looking
|
Batting: RHB Mike Alm
|
0-0: Ball 1-0: Called Strike 1-1: Called Strike Ricky Ayon steals 3rd base 1-2: Strikes out swinging
|
Batting: RHB Steve Castleberry
|
0-0: Called Strike 0-1: Ball 1-1: Ball 2-1: Swinging Strike 2-2: Foul Ball, location: 2F 2-2: Strikes out swinging
|
Top of the 2nd over - 0 runs, 0 hits, 0 errors, 1 left on base; Cincinnati 0 - Milwaukee 0 |
BOTTOM OF THE 2ND |
Milwaukee Brewers batting - Pitching for Cincinnati Reds : LHP Dave Rivera
|
Batting: LHB Gabe Harvey
|
0-0: Foul Ball, location: 2F 0-1: Ball 1-1: Called Strike 1-2: Strikes out swinging
|
Batting: LHB Jason Peck
|
0-0: Called Strike 0-1: Foul Ball, location: 2F 0-2: Ball 1-2: Strikes out looking
|
Batting: RHB Naofumi Ishida
|
0-0: Called Strike 0-1: Swinging Strike 0-2: Foul Ball, location: 2F 0-2: Ball 1-2: Strikes out swinging, 2-3 out at first.
|
Bottom of the 2nd over - 0 runs, 0 hits, 0 errors, 0 left on base; Cincinnati 0 - Milwaukee 0 |
TOP OF THE 3RD |
Cincinnati Reds batting - Pitching for Milwaukee Brewers : RHP Mekonen Mahfudh
|
Batting: LHB Antonio Diaz
|
0-0: Foul Ball, location: 2F 0-1: Ball 1-1: Called Strike 1-2: Ground out 6-3 (Groundball, 6D, EV 105.6 MPH)
|
Batting: RHB Tony Casas
|
0-0: Ball 1-0: Ground out 6-3 (Groundball, 6D, EV 106.2 MPH)
|
Batting: RHB Willie Lazcano
|
0-0: Called Strike 0-1: Called Strike 0-2: Foul Ball, location: 2F 0-2: Ball 1-2: Ball 2-2: Fly out, F9 (Flyball, 9D, EV 98.1 MPH)
|
Top of the 3rd over - 0 runs, 0 hits, 0 errors, 0 left on base; Cincinnati 0 - Milwaukee 0 |
BOTTOM OF THE 3RD |
Milwaukee Brewers batting - Pitching for Cincinnati Reds : LHP Dave Rivera
|
Batting: LHB Eric Klasek
|
0-0: Ball 1-0: Swinging Strike 1-1: Ball 2-1: Foul Ball, location: 2F 2-2: Foul Ball, location: 2F 2-2: Strikes out swinging
|
Batting: RHB Daniel Donovan
|
0-0: SINGLE (Line Drive, 6D, EV 99.4 MPH)
|
Batting: RHB Akitada Nishizawa
|
0-0: Called Strike 0-1: Ball 1-1: Ball 2-1: Foul Ball, location: 2F 2-2: Ground out 5-3 (Groundball, 5L, EV 107.5 MPH) Daniel Donovan to second
|
Batting: SHB Junzo Kato
|
0-0: Called Strike 0-1: Fly out, F7 (Flyball, 78S, EV 90.6 MPH)
|
Bottom of the 3rd over - 0 runs, 1 hit, 0 errors, 1 left on base; Cincinnati 0 - Milwaukee 0 |
TOP OF THE 4TH |
Cincinnati Reds batting - Pitching for Milwaukee Brewers : RHP Mekonen Mahfudh
|
Batting: SHB Jun Tsuda
|
0-0: Ball 1-0: Called Strike 1-1: Ball 2-1: TRIPLE (Flyball, 89XD, EV 99.4 MPH)
|
Batting: LHB Chris Grunwald
|
0-0: Called Strike 0-1: Reached on error, E3 (Groundball, 34, EV 108.8 MPH) Jun Tsuda scores
|
Batting: LHB Ricky Ayon
|
0-0: Ball 1-0: Ball 2-0: Foul Ball, location: 2F 2-1: Swinging Strike 2-2: Strikes out swinging
|
Batting: SHB Dave Barefoot
|
0-0: Foul Ball, location: 2F 0-1: Swinging Strike 0-2: Strikes out looking
|
Batting: RHB Mike Alm
|
0-0: Called Strike 0-1: Ball 1-1: Foul Ball, location: 2F 1-2: Strikes out swinging
|
Top of the 4th over - 1 run, 1 hit, 1 error, 1 left on base; Cincinnati 1 - Milwaukee 0 |
BOTTOM OF THE 4TH |
Milwaukee Brewers batting - Pitching for Cincinnati Reds : LHP Dave Rivera
|
Batting: RHB Joel Haycock
|
0-0: Ball 1-0: Foul Ball, location: 2F 1-1: Ball 2-1: Ball 3-1: Called Strike 3-2: SINGLE (Groundball, 6MD, EV 108.1 MPH)
|
Batting: RHB Kisho Ito
|
0-0: Ball 1-0: Called Strike 1-1: Foul Ball, location: 2F 1-2: Ball Wild Pitch! Joel Haycock to second 2-2: Ball 3-2: Foul Ball, location: 2F 3-2: Foul Ball, location: 2F 3-2: Base on Balls
|
Batting: LHB Gabe Harvey
|
0-0: Called Strike 0-1: Swinging Strike 0-2: Ball 1-2: Strikes out looking
|
Batting: LHB Jason Peck
|
0-0: Foul Ball, location: 2F 0-1: Ball 1-1: Ball 2-1: Ball 3-1: SINGLE (Line Drive, 89S, EV 94.4 MPH) Joel Haycock to third Kisho Ito to second
|
Batting: RHB Naofumi Ishida
|
0-0: Ball 1-0: Swinging Strike 1-1: Ball 2-1: Ball 3-1: Base on Balls Joel Haycock scores Kisho Ito to third Jason Peck to second
|
Batting: LHB Eric Klasek
|
0-0: Swinging Strike 0-1: Foul Ball, location: 2F 0-2: Ball 1-2: Grounds into double play, 3-2-3 (Groundball, 3L, EV 80.0 MPH)
|
Bottom of the 4th over - 1 run, 2 hits, 0 errors, 2 left on base; Cincinnati 1 - Milwaukee 1 |
TOP OF THE 5TH |
Cincinnati Reds batting - Pitching for Milwaukee Brewers : RHP Mekonen Mahfudh
|
Batting: RHB Steve Castleberry
|
0-0: Called Strike 0-1: Foul Ball, location: 2F 0-2: Ball 1-2: Foul Ball, location: 2F 1-2: Ball 2-2: Ball 3-2: Strikes out swinging
|
Batting: LHB Antonio Diaz
|
0-0: Ball 1-0: Called Strike 1-1: Called Strike 1-2: Strikes out swinging
|
Batting: RHB Tony Casas
|
0-0: Ball 1-0: Foul Ball, location: 2F 1-1: Ground out 6-3 (Groundball, 56, EV 101.2 MPH)
|
Top of the 5th over - 0 runs, 0 hits, 0 errors, 0 left on base; Cincinnati 1 - Milwaukee 1 |
BOTTOM OF THE 5TH |
Milwaukee Brewers batting - Pitching for Cincinnati Reds : LHP Dave Rivera
|
Batting: RHB Daniel Donovan
|
0-0: Ball 1-0: Foul Ball, location: 2F 1-1: Called Strike 1-2: Ball 2-2: Ground out 6-3 (Groundball, 6, EV 87.5 MPH)
|
Batting: RHB Akitada Nishizawa
|
0-0: Ball 1-0: Swinging Strike 1-1: Ground out 5-3 (Groundball, 56, EV 85.0 MPH)
|
Batting: SHB Junzo Kato
|
0-0: Foul Ball, location: 2F 0-1: Fly out, F8 (Line Drive, 8LD, EV 90.0 MPH)
|
Bottom of the 5th over - 0 runs, 0 hits, 0 errors, 0 left on base; Cincinnati 1 - Milwaukee 1 |
TOP OF THE 6TH |
Cincinnati Reds batting - Pitching for Milwaukee Brewers : RHP Mekonen Mahfudh
|
Batting: RHB Willie Lazcano
|
0-0: SOLO HOME RUN (Flyball, 9D, EV 98.8 MPH), Distance : 399 ft
|
Batting: SHB Jun Tsuda
|
0-0: Called Strike 0-1: Ball 1-1: Ball 2-1: Called Strike 2-2: SINGLE (Flyball, 78S, EV 93.1 MPH)
|
Batting: LHB Chris Grunwald
|
0-0: Called Strike Jun Tsuda steals 2nd base 0-1: Foul Ball, location: 2F 0-2: Ball 1-2: Fly out, F7 (Flyball, 7D, EV 97.5 MPH)
|
Batting: LHB Ricky Ayon
|
0-0: Called Strike Jun Tsuda steals 3rd base 0-1: Ball 1-1: Ball 2-1: Fly out, F9 (Flyball, 9, EV 92.5 MPH) Runner from 3rd tags up, SCORES, throw by RF
|
Batting: SHB Dave Barefoot
|
0-0: Ball 1-0: Ball 2-0: Ground out 3-1 (Groundball, 34, EV 98.1 MPH)
|
Top of the 6th over - 2 runs, 2 hits, 0 errors, 0 left on base; Cincinnati 3 - Milwaukee 1 |
BOTTOM OF THE 6TH |
Milwaukee Brewers batting - Pitching for Cincinnati Reds : LHP Dave Rivera
|
Batting: RHB Joel Haycock
|
0-0: Ball 1-0: Ball 2-0: SINGLE (Groundball, 6MD, EV 101.2 MPH)
|
Batting: RHB Kisho Ito
|
0-0: Ball 1-0: Ball 2-0: Ball 3-0: Called Strike 3-1: Base on Balls Joel Haycock to second
|
Pitching: LHP Marco Berrios
|
|
Batting: LHB Gabe Harvey
|
0-0: Called Strike 0-1: Grounds into double play, 3-6-3 (Groundball, 34S, EV 82.5 MPH) Joel Haycock to third
|
Batting: LHB Jason Peck
|
0-0: Ball 1-0: Ball 2-0: Swinging Strike 2-1: Ball 3-1: Base on Balls
|
Batting: RHB Naofumi Ishida
|
0-0: Foul Ball, location: 2F 0-1: Ball 1-1: Ball 2-1: Ball 3-1: Base on Balls Jason Peck to second
|
Batting: RHB Jose Morrissey
|
0-0: Ball 1-0: Ball 2-0: Foul Ball, location: 2F 2-1: Ball 3-1: Fly out, F4 (Popup, 3S, EV 85.0 MPH)
|
Bottom of the 6th over - 0 runs, 1 hit, 0 errors, 3 left on base; Cincinnati 3 - Milwaukee 1 |
TOP OF THE 7TH |
Cincinnati Reds batting - Pitching for Milwaukee Brewers : RHP Mekonen Mahfudh
|
Pitching: LHP Dale Ahernfeld
|
|
Batting: RHB Mike Alm
|
0-0: Ball 1-0: Called Strike 1-1: Swinging Strike 1-2: Ball 2-2: Ball 3-2: Foul Ball, location: 2F 3-2: Foul Ball, location: 2F 3-2: Foul Ball, location: 2F 3-2: Strikes out swinging
|
Batting: RHB Steve Castleberry
|
0-0: Ball 1-0: Foul Ball, location: 2F 1-1: Ball 2-1: SINGLE (Line Drive, 34, EV 109.4 MPH)
|
Batting: LHB Antonio Diaz
|
0-0: Ball 1-0: Ball 2-0: Called Strike 2-1: Ball 3-1: Foul Ball, location: 2F 3-2: SINGLE (Groundball, 6MD, EV 100.0 MPH) Steve Castleberry to second Runner from 2nd tries for 3rd, SAFE, throw by CF made to third
|
Batting: RHB Tony Casas
|
0-0: Ball 1-0: Swinging Strike 1-1: Ball 2-1: Foul Ball, location: 2F 2-2: Fly out, F9 (Flyball, 9LS, EV 88.8 MPH)
|
Batting: RHB Willie Lazcano
|
0-0: Foul Ball, location: 2F 0-1: Ball 1-1: Called Strike 1-2: Strikes out swinging
|
Top of the 7th over - 0 runs, 2 hits, 0 errors, 2 left on base; Cincinnati 3 - Milwaukee 1 |
BOTTOM OF THE 7TH |
Milwaukee Brewers batting - Pitching for Cincinnati Reds : LHP Marco Berrios
|
Batting: RHB Daniel Donovan
|
0-0: Called Strike 0-1: Ground out 4-3 (Groundball, 4, EV 92.5 MPH)
|
Batting: RHB Akitada Nishizawa
|
0-0: Called Strike 0-1: Foul Ball, location: 2F 0-2: Fly out, F4 (Popup, 34S, EV 75.6 MPH)
|
Batting: SHB Junzo Kato
|
0-0: Called Strike 0-1: SINGLE (Groundball, 6D, EV 100.6 MPH)
|
Batting: RHB Joel Haycock
|
0-0: Ball 1-0: Called Strike 1-1: Ball 2-1: Foul Ball, location: 2F 2-2: Ball Junzo Kato steals 2nd, throwing error, E2 Junzo Kato to third 3-2: Strikes out swinging
|
Bottom of the 7th over - 0 runs, 1 hit, 1 error, 1 left on base; Cincinnati 3 - Milwaukee 1 |
TOP OF THE 8TH |
Cincinnati Reds batting - Pitching for Milwaukee Brewers : LHP Dale Ahernfeld
|
Pitching: LHP Nick Martin
|
|
Batting: SHB Jun Tsuda
|
0-0: Ball 1-0: Called Strike 1-1: Ball 2-1: Foul Ball, location: 2F 2-2: Strikes out swinging
|
Batting: LHB Chris Grunwald
|
0-0: Swinging Strike 0-1: SOLO HOME RUN (Flyball, 7D, EV 96.9 MPH), Distance : 388 ft
|
Batting: LHB Ricky Ayon
|
0-0: Ball 1-0: Fly out, F6 (Line Drive, 6, EV 70.0 MPH)
|
Batting: SHB Dave Barefoot
|
0-0: Ball 1-0: Foul Ball, location: 2F 1-1: Called Strike 1-2: Ball 2-2: Strikes out swinging
|
Top of the 8th over - 1 run, 1 hit, 0 errors, 0 left on base; Cincinnati 4 - Milwaukee 1 |
BOTTOM OF THE 8TH |
Milwaukee Brewers batting - Pitching for Cincinnati Reds : LHP Marco Berrios
|
Batting: RHB Kisho Ito
|
0-0: Ball 1-0: Called Strike 1-1: Ball 2-1: Ground out 5-3 (Groundball, 5S, EV 85.6 MPH)
|
Batting: LHB Gabe Harvey
|
0-0: Ball 1-0: Ball 2-0: Ground out 4-3 (Groundball, 4, EV 87.5 MPH)
|
Batting: LHB Jason Peck
|
0-0: SINGLE (Line Drive, 5D, EV 95.6 MPH)
|
Batting: RHB Naofumi Ishida
|
0-0: Ball 1-0: Ball 2-0: Ball 3-0: Base on Balls Jason Peck to second
|
Batting: RHB Jose Morrissey
|
0-0: Swinging Strike 0-1: Swinging Strike 0-2: Strikes out swinging
|
Bottom of the 8th over - 0 runs, 1 hit, 0 errors, 2 left on base; Cincinnati 4 - Milwaukee 1 |
TOP OF THE 9TH |
Cincinnati Reds batting - Pitching for Milwaukee Brewers : LHP Nick Martin
|
Pitching: RHP Drew Tollefsen
|
|
Batting: RHB Mike Alm
|
0-0: Called Strike 0-1: Foul Ball, location: 2F 0-2: Strikes out looking
|
Batting: RHB Steve Castleberry
|
0-0: Ball 1-0: Ball 2-0: Ball 3-0: Base on Balls
|
Batting: LHB Antonio Diaz
|
0-0: Called Strike 0-1: Ball 1-1: Fly out, F7 (Flyball, 78D, EV 100.6 MPH)
|
Batting: RHB Tony Casas
|
0-0: Called Strike 0-1: Fly out, F8 (Flyball, 8RD, EV 103.1 MPH)
|
Top of the 9th over - 0 runs, 0 hits, 0 errors, 1 left on base; Cincinnati 4 - Milwaukee 1 |
BOTTOM OF THE 9TH |
Milwaukee Brewers batting - Pitching for Cincinnati Reds : LHP Marco Berrios
|
Pitching: RHP Ryan Terlizzi
|
|
Batting: RHB Daniel Donovan
|
0-0: Called Strike 0-1: SINGLE (Line Drive, 8LS, EV 93.8 MPH)
|
Batting: RHB Akitada Nishizawa
|
0-0: SINGLE (Line Drive, 8LS, EV 88.1 MPH) Daniel Donovan to second
|
Batting: SHB Junzo Kato
|
0-0: Ball 1-0: Ball 2-0: Swinging Strike 2-1: Foul Ball, location: 2F 2-2: Foul Ball, location: 2F 2-2: Ball 3-2: Foul Ball, location: 2F 3-2: Foul Ball, location: 2F 3-2: Base on Balls Daniel Donovan to third Akitada Nishizawa to second
|
Batting: RHB Joel Haycock
|
0-0: Ball 1-0: Foul Ball, location: 2F 1-1: Grounds into double play, 5-4-3 (Groundball, 56, EV 80.6 MPH) Daniel Donovan scores Akitada Nishizawa to third
|
Batting: RHB Kisho Ito
|
0-0: Reached via error on a dropped throw from SS, E3 (Groundball, 6, EV 90.0 MPH) Akitada Nishizawa scores
|
Batting: LHB Gabe Harvey
|
0-0: Ball 1-0: Called Strike 1-1: Ball Kisho Ito steals 2nd base 2-1: Foul Ball, location: 2F 2-2: Strikes out looking
|
Bottom of the 9th over - 2 runs, 2 hits, 1 error, 1 left on base; Cincinnati 4 - Milwaukee 3 |
|